 Dungeon Crawl Stone Soup version 0.28-a0-1292-gb4563b27b3 (webtiles) character file.

Game seed: 4195641984353618460

53 Ijustatesigmund the Chopper (level 3, -1/34 HPs)
             Began as a Hill Orc Fighter on Dec 22, 2021.
             Slain by Sigmund (6 damage)
             ... on level 2 of the Dungeon on Dec 27, 2021.
             The game lasted 00:03:56 (1288 turns).

Ijustatesigmund the Chopper (Hill Orc Fighter)      Turns: 1288, Time: 00:03:57

Health: -1/34      AC:  8    Str: 18    XL:     3   Next: 87%
Magic:  3/3        EV:  9    Int: 10    God:
Gold:   59         SH:  4    Dex: 10    Spells: 0/2 levels left

rFire   . . .      SeeInvis .   a - +0 war axe
rCold   . . .      Faith    .   c - +0 buckler
rNeg    . . .      Spirit   .   b - +0 scale mail
rPois   .          Reflect  .   i - +0 helmet
rElec   .          Harm     .   (no cloak)
rCorr   .          Rampage  .   (no gloves)
Will    .....                   (no boots)
Stlth   ..........              (no amulet)
HPRegen 0.11/turn               (no ring)
MPRegen 0.08/turn               (no ring)

@: mighty
A: sense surroundings 1, MP-powered wands
a: no special abilities


You were on level 2 of the Dungeon.
You visited 1 branch of the dungeon, and saw 2 of its levels.

You collected 59 gold pieces.

Inventory:

Hand Weapons
 a - a +0 war axe (weapon)
Armour
 b - a +0 scale mail (worn)
 c - a +0 buckler (worn)
 i - a +0 helmet (worn)
Potions
 g - a potion of mutation


   Skills:
 + Level 4.4 Fighting
 * Level 4.6 Axes
 - Level 3.3 Armour
 - Level 3.3 Shields
 + Level 0.0 Translocations


You couldn't memorise any spells.
You knew the following spells:

 Your Spells              Type           Power      Damage    Failure   Level
a - Blink                 Tloc           0%         N/A       89%         2

Your spell library contained the following spells:

 Spells                   Type           Power      Damage    Failure   Level
 Lesser Beckoning         Tloc           0%         N/A       98%         3
 Manifold Assault         Tloc           0%         N/A       100%        5


Dungeon Overview and Level Annotations

Branches:
Dungeon (2/15)

Altars:

Annotations:
D:2 Sigmund


Innate Abilities, Weirdness & Mutations

You passively map a small area around you.
You expend magic power (3 MP) to strengthen your wands.


Message History

You hear some strange, mumbled words.
You are confused.
The worm bites you.
You are too injured to fight recklessly!
You are too injured to fight recklessly!
You are too injured to fight recklessly!
You are too injured to fight recklessly!
You are too injured to fight recklessly!
It was a potion of curing.
You feel better. You block the worm's attack.
You feel very mighty all of a sudden.
A magic dart appears from out of thin air!
The magic dart hits you. Something hits you!
The worm bites you but does no damage.
You miss something. You hit the worm. Something completely misses you.
The worm barely misses you.
You closely miss something.
Your scale mail prevents you from hitting the worm.
Something hits you.
* * * LOW HITPOINT WARNING * * *
You feel better. The worm bites you but does no damage.
You barely miss something. You slash the worm!
You kill the worm!
You block something's attack.
You closely miss something. Something hits you.
You closely miss something. You block something's attack.
You closely miss something. Something hits you but does no damage.
You completely miss something. You barely miss something.
You hear some strange, mumbled words.
A puff of flame appears from out of thin air!
The puff of flame hits you! Something hits you.
* * * LOW HITPOINT WARNING * * *
You closely miss something. You slice something!!
You hear some strange, mumbled words.
A magic dart appears from out of thin air!
The magic dart hits you.
* * * LOW HITPOINT WARNING * * *
Something hits you.
You die...

######### #.......#
#.......#############
#...................##
#.....................
#.......#*#.........##
#....{..# *#........#
#....@..# #........#
#.......# #........##
#######.## #........#.
#..# ###....###.
##.####.......#.
#......#..##...
#######...#..##...
###.....#.......#...
#...................


There were no monsters in sight!

Vanquished Creatures
  A worm (D:2)
  A dart slug (D:1)
  2 ball pythons
  6 endoplasms
  2 giant cockroaches (D:1)
  6 goblins
  6 hobgoblins
  3 quokkas
  4 bats
  2 frilled lizards (D:2)
  4 kobolds
  6 rats
43 creatures vanquished.

Notes
Turn   | Place    | Note
-------+----------+-------------------------------------------
     0 | D:1      | Ijustatesigmund the Hill Orc Fighter began the quest for
                  | the Orb.
     0 | D:1      | Reached XP level 1. HP: 19/19 MP: 1/1
    90 | D:1      | Reached XP level 2. HP: 25/27 MP: 2/2
   464 | D:1      | Reached XP level 3. HP: 25/33 MP: 3/3
  1048 | D:2      | Upgraded the game from 0.28-a0-1227-ga9037bb4c8 to
                  | 0.28-a0-1292-gb4563b27b3
  1108 | D:2      | Gained mutation: You expend magic power (3 MP) to
                  | strengthen your wands. [potion of mutation]
  1108 | D:2      | Gained mutation: You passively map a small area around you.
                  | [potion of mutation]
  1205 | D:2      | Learned a level 2 spell: Blink
  1269 | D:2      | Noticed Sigmund
  1288 | D:2      | Slain by Sigmund

Illustrated notes

Levels and vault maps discovered:
D:1:      nzn_arrival_depleted_hourglass, layout_loops_ring, minivault_19,
          serial_park_tiny_2
D:2:      layout_rooms, uniq_sigmund

Skill      XL: |  1  2  3 |
---------------+----------+-----
Axes           | 3 4 |  4.6
Fighting       | 4 |  4.4
Armour         | |  3.3
Shields        | |  3.3

Action                   || total
-------------------------++-------
Melee: War axe           ||    98
  Use: Potion            ||     4
       Scroll            ||     2
Armor: Scale mail        ||    35
Dodge: Dodged            ||    32
Block: Buckler           ||    18

Table legend: (Time is in decaauts)
 A = Elapsed time spent in this place.
 B = Non-inter-level travel time spent in this place.
 C = Inter-level travel time spent in this place.
 D = Time resting spent in this place.
 E = Time spent auto-exploring this place.
 F = Levels seen in this place.
 G = Mean time per level.
                   A        B        C        D        E       F      G
               +--------+--------+--------+--------+--------+-----+--------+
         Total |   1318 |   1290 |     28 |     59 |    986 |   2 |  659.0 |
       Dungeon |   1318 |   1290 |     28 |     59 |    986 |   2 |  659.0 |
               +--------+--------+--------+--------+--------+-----+--------+

Top non-repeatable levels by time:
     D:1: 888 daAuts
     D:2: 430 daAuts
